AoeStats
← 沒起房子我日

Arabia

508163105Analyzed
4v4 RM · 11d ago on Sep 21, 2026· 27m 51s· 8 players
Game mode
Random Map
Map size
Large (8 player)
Population
200
Speed
Normal
Resources
Standard
Victory
Conquest
Starting age
Dark Age
Ending age
Imperial Age
RankedLock teamsTeams togetherTeam positionsShared explorationLock speedFull tech treeHidden civsTurbo modeCheats
Victory
Defeat
🇨🇦 Spanish · Canada
1505
+13
🇻🇳 Mongols · Vietnam
1487
+14
🇹🇼 Persians · Taiwan
1466
+14
🇨🇳 Huns · China
1396
+17
🇲🇽 Goths · Mexico
1504
-17
🇨🇳 Britons · China
1435
-15
🇨🇴 Chinese · Colombia
1397
-13
🇨🇴 Magyars · Colombia
1395
-13
Nomore
7:25 Loom
9:29 Feudal Age
13:07 Double-Bit Axe
13:21 Horse Collar
Duwhite
0:40 Loom
9:17 Feudal Age
10:07 Double-Bit Axe
14:22 Fletching
16:13 Horse Collar
18:29 Wheelbarrow
22:16 Castle Age
22:24 Crossbowman
23:01 Bodkin Arrow
23:53 Bow Saw
23:56 Padded Archer Armor
23:53 Gold Mining
25:14 Leather Archer Armor
26:25 Heavy Plow
28:45 Ballistics
Motta7Villa
6:00 Loom
6:05 Loom
8:45 Feudal Age
9:32 Double-Bit Axe
9:30 Horse Collar
20:22 Wheelbarrow
23:12 Castle Age
21:59 Scale Barding Armor
22:32 Bloodlines
24:02 Husbandry
24:23 Chain Barding Armor
23:37 Light Cavalry
edengr7
1:05 Loom
9:22 Feudal Age
13:09 Double-Bit Axe
14:53 Horse Collar
Cinnamoroll
5:00 Loom
9:46 Feudal Age
20:27 Double-Bit Axe
24:28 Wheelbarrow
26:26 Stone Mining
26:27 Gold Mining
26:22 Horse Collar
28:57 Castle Age
沒起房子我日
8:54 Feudal Age
8:28 Loom
9:23 Double-Bit Axe
10:42 Horse Collar
16:21 Scale Barding Armor
18:06 Forging
22:54 Castle Age
21:00 Gold Mining
22:44 Bloodlines
23:42 Chain Barding Armor
23:53 Bow Saw
23:09 Light Cavalry
23:49 Husbandry
自娱自乐
7:11 Loom
9:54 Feudal Age
11:20 Double-Bit Axe
20:21 Castle Age
18:13 Gold Mining
18:06 Horse Collar
19:07 Scale Barding Armor
22:31 Bow Saw
22:46 Chain Barding Armor
22:39 Bloodlines
23:20 Heavy Plow
25:24 Forging
VNS_MZ
5:49 Loom
8:31 Feudal Age
9:07 Double-Bit Axe
14:27 Scale Barding Armor
20:25 Castle Age
20:07 Bloodlines
20:51 Forging
20:54 Light Cavalry
25:59 Wheelbarrow
25:35 Bow Saw
26:11 Horse Collar
Connection lost

Rejoining the realm…

Still unreachable

The connection could not be restored.

Session expired

The server has moved on; the page needs a fresh start.